 Dungeon Crawl Stone Soup version 0.21.1-1-g345015f (webtiles) character file.

238 letownia2 the Charmwright (level 6, 0/44 HPs)
             Began as a Merfolk Skald on Mar 14, 2018.
             Was a Follower of Cheibriados.
             Slain by an orc
             ... wielding a +0 whip
              (3 damage)
             ... on level 3 of the Dungeon.
             The game lasted 00:07:56 (1059 turns).

letownia2 the Charmwright (Merfolk Skald)           Turns: 1059, Time: 00:07:57

Health: 0/44       AC:  4    Str: 14    XL:     6   Next: 7%
Magic:  2/9        EV: 12    Int: 16    God:    Cheibriados [*.....]
Gold:   97         SH:  0    Dex: 15    Spells: 3/9 levels left

rFire    . . .     SeeInvis .   r - +0 halberd
rCold    . . .     Gourm    .   (shield currently unavailable)
rNeg     . . .     Faith    .   b - +0 leather armour
rPois    .         Spirit   .   (no helmet)
rElec    .         Reflect  .   (no cloak)
rCorr    .         Harm     .   p - +0 pair of gloves
MR       .....                  (no boots)
Stlth    +.........             (no amulet)
HPRegen  0.14/turn              (no ring)
MPRegen  0.11/turn              (no ring)

@: very slow
A: change form in water, swift swim, stealthy swim
a: Bend Time, Renounce Religion


You were on level 3 of the Dungeon.
You worshipped Cheibriados.
Cheibriados was aware of your devotion.
You were not hungry.

You visited 1 branch of the dungeon, and saw 6 of its levels.

You collected 97 gold pieces.

Inventory:

Hand Weapons
 a - a +0 spear
 g - a cursed -3 dagger
 r - a +0 halberd (weapon)
 u - a +2 vampiric falchion
 v - a +0 blowgun
Missiles
 w - 6 poisoned needles
Armour
 b - a +0 leather armour (worn)
 h - a +0 pair of gloves
 p - a +0 pair of gloves (worn)
 t - a +0 ring mail
Wands
 i - a wand of paralysis (3)
Scrolls
 e - a scroll of enchant weapon {unknown}
 k - a scroll of remove curse {unknown}
 m - a scroll of identify {unknown}
 o - 3 scrolls of magic mapping {unknown}
 q - a scroll of noise {unknown}
 s - a scroll of teleportation {unknown}
Potions
 f - a potion of resistance {unknown}
 j - a potion of flight {unknown}
 l - 2 potions of curing {unknown}
 n - a potion of haste {unknown}
Books
 c - a book of Battle

   Spells                             Type                      Level
   a - Infusion                       Charms                       1
   b - Shroud of Golubria             Charms/Translocation         2
   c - Song of Slaying                Charms                       2
   d - Spectral Weapon                Hexes/Charms                 3
   e - Regeneration                   Charms/Necromancy            3
Comestibles
 d - 4 rations


   Skills:
 - Level 2.1 Fighting
 + Level 5.0 Polearms
 - Level 0.6 Armour
 - Level 2.6 Dodging
 - Level 2.0 Spellcasting
 - Level 2.4 Hexes
 - Level 5.3 Charms
 - Level 1.3 Translocations


You had 3 spell levels left.
You knew the following spells:

 Your Spells              Type           Power        Failure   Level  Hunger
a - Infusion              Chrm           ###.         3%          1    #......
t - Shroud of Golubria    Chrm/Tloc      ##........   10%         2    ###....
x - Spectral Weapon       Hex/Chrm       ##......     16%         3    ###....


Dungeon Overview and Level Annotations

Branches:
Dungeon (6/15)
 Temple: D:4-7

Altars:
Cheibriados
Dithmenos
Vehumet


Message History

Your shroud bends the orc's attack away.
Unknown command.
Attack whom?
Press: ? - help, Dir - move target cursor, f/p - orc
Aim: an orc, wielding a whip and wearing a leather armour (heavily wounded)
You barely miss the orc.
The orc is heavily wounded.
The orc barely misses you.
Unknown command.
Unknown command.
Attack whom?
Press: ? - help, Dir - move target cursor, f/p - orc
Aim: an orc, wielding a whip and wearing a leather armour (heavily wounded)
You barely miss the orc.
The orc is heavily wounded.
Your shroud unravels.
The orc hits you with a whip.
* * * LOW HITPOINT WARNING * * *
The orc hits you with a whip.
You die...

### #.. #.# #.# #.# #.#
#..#.# #.# #..#.#
#@#######..#.#####
#.######o#..(...........#
#...........).# ........
....##†#)####)# #..# #..
# #.#.# #.####).###..
........# #.##...).....
..###.### ##.##.#..###..
#..####...#.#..)....
##..........#.####..


You could see an orc.

Vanquished Creatures
  A hound (D:6)
  An orc priest (D:3)
  Jessica (D:2)
  A worker ant (D:5)
  A hound skeleton (D:4)
  3 gnolls
  3 adders
  A shadow imp (D:5)
  A dart slug (D:1)
  A leopard gecko (D:1)
  5 orcs
  4 giant cockroaches
  3 goblins (D:1)
  6 hobgoblins
  2 jackals
  3 bats
  4 frilled lizards
  5 kobolds
  4 rats
50 creatures vanquished.

Notes
Turn   | Place    | Note
-------+----------+-------------------------------------------
     0 | D:1      | letownia2 the Merfolk Skald began the quest for the Orb.
     0 | D:1      | Reached XP level 1. HP: 16/16 MP: 3/3
    94 | D:1      | Reached XP level 2. HP: 9/22 MP: 0/5
   105 | D:1      | Learned a level 2 spell: Shroud of Golubria
   170 | D:2      | Noticed Jessica
   240 | D:2      | Found a shadowy altar of Dithmenos.
   396 | D:1      | Reached XP level 3. HP: 23/27 MP: 6/6
   421 | D:2      | Killed Jessica
   421 | D:2      | Reached skill level 1 in Translocations
   426 | D:2      | Learned a level 3 spell: Spectral Weapon
   538 | D:4      | Reached skill level 1 in Hexes
   538 | D:4      | Reached XP level 4. HP: 17/33 MP: 1/7
   601 | D:3      | Found a snail-covered altar of Cheibriados.
   606 | D:3      | Became a worshipper of Cheibriados the Contemplative
   709 | D:4      | Reached XP level 5. HP: 27/38 MP: 1/8
   721 | D:5      | Entered Level 5 of the Dungeon
   741 | D:6      | Found a radiant altar of Vehumet.
   760 | D:6      | Noticed a phantom
   804 | D:5      | Reached skill level 5 in Charms
   875 | D:4      | Noticed a phantom
  1019 | D:3      | Reached * piety under Cheibriados
  1045 | D:3      | Reached XP level 6. HP: 9/44 MP: 2/9
  1050 | D:3      | Reached skill level 5 in Polearms
  1059 | D:3      | Slain by an orc

Skill      XL: |  1  2  3  4  5  6 |
---------------+-------------------+-----
Charms         | 4 5 |  5.3
Translocations | 1 |  1.3
Hexes          | 1 2 |  2.4
Polearms       | 4 5 |  5.0
Fighting       | |  2.1
Armour         | |  0.6
Dodging        | |  2.6
Spellcasting   | |  2.0

Action                   |  1- 3 |  4- 6 || total
-------------------------+-------+-------++-------
Melee: Spear             |    81 |   152 ||   233
       Halberd           |       |    15 ||    15
 Cast: Infusion          |     7 |     8 ||    15
       Shroud of Golubri |       |     8 ||     8
Evoke: Wand              |       |     7 ||     7
 Stab: Paralysed         |       |    25 ||    25
  Eat: Chunk             |       |     2 ||     2
Armor: Leather armour    |    15 |    52 ||    67
Dodge: Dodged            |    26 |    81 ||   107
